Map: Frozen Temple

Players

Bioice - Winner!

  • Race: Zerg Zerg
  • League: Grandmaster

Pokebunny

  • Race: Terran Terran
  • League: Grandmaster

VOD

Have the link to the VOD?

Description

Time

  • Played on: April 7, 2016, 9:57 a.m.
  • Length: 8:06
Show
View Real Time Build Order
Export as new Build Order

Bioice Zerg - Winner!

Build Orders: Hatch First 

Get SALT Encoding   

  12  0:01  Drone  
  13  0:08  Drone  
  14  0:15  Extractor  
  14  0:16  Drone  
  14  0:22  Drone, Extractor  
  16  0:29  Overlord  
  16  0:50  Drone  
  16  0:51  Drone  
  18  0:59  Drone, Hatchery  
  18  1:06  Extractor  
  17  1:14  Spawning Pool  
  17  1:16  Drone  
  17  1:21  Drone  
  18  1:28  Drone  
  19  1:37  Overlord  
  19  1:48  Drone  
  20  2:03  Queen  
  20  2:05  Zergling x2  
  20  2:08  Metabolic Boost  
  23  2:10  Queen  
  23  2:11  Zergling x2  
  23  2:12  Drone  
  27  2:21  Drone  
  28  2:26  Extractor  
  28  2:30  Drone  
  28  2:33  Drone, Overlord  
  30  2:42  Drone  
  30  2:43  Drone  
  32  2:46  Queen  
  34  2:54  Overlord  
  34  2:59  Zergling x2  
  34  3:04  Zergling x4  
  37  3:18  Drone x7  
  37  3:19  Drone  
  45  3:30  Overlord, Drone  
  46  3:38  Drone  
  47  3:42  Drone  
  47  3:48  Queen x2  
  48  3:49  Hatchery  
  48  3:51  Baneling Nest  
  48  3:53  Overlord  
  50  4:01  Drone  
  49  4:06  Drone x3  
  49  4:07  Drone x3  
  55  4:15  Drone  
  55  4:16  Drone  
  57  4:22  Drone x2  
  59  4:25  Lair, Extractor  
  58  4:33  Zergling x6  
  61  4:41  Zergling x6  
  61  4:45  Baneling x3  
  63  4:46  Baneling  
  63  4:49  Overlord x2  
  63  4:50  Drone, Extractor x2  
  62  4:56  Drone x4  
  66  5:00  Spore Crawler  
  66  5:03  Spore Crawler  
  64  5:07  Overlord  
  58  5:22  Zergling x14  
  58  5:27  Centrifical Hooks  
  64  5:37  Zergling x24  
  75  5:43  Baneling  
  75  5:44  Baneling x7  
  75  5:48  Drone x3  
  78  5:55  Drone, Evolution Chamber x2  
  77  6:09  Drone  
  77  6:10  Drone x6  
  84  6:13  Drone x2  
  84  6:14  Drone  
  84  6:16  Overlord x2  
  84  6:18  Overlord  
  87  6:19  Drone  
  79  6:38  Zergling x2  
  79  6:39  Zergling x8  
  80  6:51  Drone x3  
  80  6:52  Drone x2  
  80  6:53  Extractor x2  
  83  6:55  Drone  
  83  6:56  Zergling x2  
  83  6:57  Zergling x2  
  83  6:58  Baneling x3  
  85  7:02  Baneling x7  
  85  7:03  Zergling x6, Spire  
  87  7:09  Baneling x3  
  87  7:10  Overlord  
  87  7:19  Drone x5, Hatchery  
  87  7:20  Drone  
  92  7:29  Hatchery  
  91  7:33  Overlord  
  91  7:34  Overlord  
  91  7:37  Zergling x2  
  91  7:38  Zergling x12  
  99  7:44  Zergling x12  
  99  7:48  Baneling x4  
Show
View Real Time Build Order
Export as new Build Order

Pokebunny Terran 

Build Orders: Reaper Expand, MMM Bio 

Get SALT Encoding   

  12  0:00  SCV  
  13  0:13  SCV  
  14  0:18  Supply Depot  
  14  0:25  SCV  
  15  0:40  Barracks, SCV  
  16  0:45  Refinery  
  16  0:52  SCV  
  17  1:04  SCV  
  18  1:16  SCV  
  19  1:28  Reaper  
  19  1:29  Orbital Command  
  20  1:40  Command Center  
  20  1:51  Supply Depot  
  20  1:54  SCV  
  20  2:00  Reaper  
  22  2:06  SCV  
  23  2:20  SCV  
  24  2:33  Command Center  
  24  2:34  Barracks Reactor  
  24  2:40  Refinery  
  24  2:41  Barracks  
  24  2:42  SCV  
  25  2:52  Barracks  
  25  2:59  Orbital Command  
  25  3:04  SCV  
  25  3:19  Marine, SCV  
  26  3:20  Marine  
  26  3:26  Factory  
  28  3:28  SCV  
  28  3:31  SCV  
  28  3:32  Barracks Tech Lab  
  30  3:38  Marine x2  
  32  3:44  SCV  
  32  3:45  Marine  
  32  3:46  Orbital Command  
  34  3:52  SCV  
  34  3:55  Marine  
  34  3:57  Orbital Command  
  34  4:00  Marine  
  36  4:08  Stimpack  
  34  4:13  Starport  
  34  4:16  Factory Reactor  
  33  4:17  Marine  
  33  4:19  Marine  
  33  4:22  Marine  
  33  4:23  Marine  
  37  4:31  SCV x3  
  39  4:36  Marine  
  39  4:37  Marine  
  42  4:47  Supply Depot  
  42  4:48  Marine x2, SCV x2  
  46  4:56  Engineering Bay  
  46  4:58  Medivac  
  46  4:59  Engineering Bay  
  48  5:01  Medivac  
  48  5:04  Refinery  
  48  5:06  SCV  
  52  5:07  SCV  
  52  5:08  SCV  
  52  5:10  Marine  
  45  5:28  SCV x3  
  47  5:31  Marine  
  47  5:32  Marine x2  
  50  5:37  Factory Tech Lab  
  50  5:39  Terran Infantry Weapons Level 1  
  50  5:41  Terran Infantry Armor Level 1  
  50  5:44  SCV  
  50  5:47  SCV  
  52  5:55  SCV, Bunker  
  52  5:56  SCV  
  54  5:58  Barracks Reactor  
  54  6:09  SCV x3  
  55  6:11  Combat Shields  
  55  6:13  Siege Tank  
  58  6:19  Supply Depot  
  58  6:20  Engineering Bay  
  49  6:36  Marine x5  
  41  6:41  SCV x3  
  42  6:51  Siege Tank  
  42  6:53  Marine  
  42  6:54  Marine  
  46  6:58  SCV x2  
  46  6:59  SCV  
  50  7:08  Armory  
  50  7:09  Marine  
  50  7:11  Marine  
  50  7:13  Marine  
  53  7:18  SCV x2  
  53  7:20  SCV  
  53  7:22  Marine  
  57  7:26  Siege Tank  
  57  7:28  Marine  
  61  7:31  SCV  
  61  7:32  SCV  
  61  7:36  Marine x3  
  65  7:41  Supply Depot  
  65  7:42  SCV  
  65  7:43  SCV  
  68  7:48  SCV  
Tags
 
Add a new tag
Caveats
  • Supply blocks, unpowered buildings, or Contaminate may cause inaccurate times.
  • Supply counts are checked every 10 seconds.